AAA
TOLEDO MUD HENS @ LOUISVILLE BATS
08/03/2052
 
TOP OF THE 1ST
Columbus Clippers batting - Pitching for Charlotte Knights : LHP Christian Perino
Pitching: LHP Christian Perino
Batting: RHB Gabe Jita 0-0: Called Strike
0-1: SINGLE (Line Drive, 9LS, EV 96.3 MPH)
Batting: RHB Ralph DeGeorge 0-0: Ball
Gabe Jita steals 2nd base (no throw)
1-0: Ball
2-0: Ball
3-0: Called Strike
3-1: Base on Balls
Batting: RHB Miguel Aguirre 0-0: Ball
1-0: SINGLE (Line Drive, 9S, EV 107.5 MPH)
Gabe Jita to third
Ralph DeGeorge to second
Batting: RHB Tommy Levy 0-0: Swinging Strike
0-1: Fly out, F1 (Popup, 15, EV 85.6 MPH)
Batting: RHB Artis Silas 0-0: Ball
1-0: Foul Ball, location: 5FF
1-1: Ball
2-1: Foul Ball, location: 9LDF
2-2: Strikes out swinging
Batting: LHB Thomas Pendleton 0-0: Ball
1-0: Ground out U3 (Groundball, 3L, EV 85.0 MPH)
Top of the 1st over - 0 runs, 2 hits, 0 errors, 3 left on base; Columbus 0 - Charlotte 0
BOTTOM OF THE 1ST
Charlotte Knights batting - Pitching for Columbus Clippers : LHP Spencer Cartwright
Pitching: LHP Spencer Cartwright
Batting: RHB Alex Hill 0-0: Ball
1-0: Called Strike
1-1: Foul Ball, location: 2F
1-2: Foul Ball, location: 9LDF
1-2: DOUBLE (Flyball, 8RXD, EV 94.4 MPH)
Batting: RHB B.J. Worth 0-0: Ball
1-0: Called Strike
1-1: Foul Ball, location: 5F
1-2: Ball
2-2: Foul Ball, location: 5F
2-2: Ground out 5-3 (Groundball, 15, EV 83.1 MPH)
Alex Hill to third
Batting: SHB Dale Aras 0-0: Foul Ball, location: 5F
0-1: Foul Ball, location: 25F
0-2: Ball
1-2: SINGLE (Groundball, 6MD, EV 95.0 MPH)
Alex Hill scores
Batting: LHB Elijah Wagner 0-0: Fly out, F7 (Line Drive, 78M, EV 91.3 MPH)
Batting: RHB Vaughan Babbs 0-0: Foul Ball, location: 3F
0-1: Ground out 6-3 (Groundball, 6S, EV 91.3 MPH)
Bottom of the 1st over - 1 run, 2 hits, 0 errors, 1 left on base; Columbus 0 - Charlotte 1
TOP OF THE 2ND
Columbus Clippers batting - Pitching for Charlotte Knights : LHP Christian Perino
Batting: RHB Logan Hernandez 0-0: Ball
1-0: Called Strike
1-1: Foul Ball, location: 2F
1-2: Fly out, F8 (Flyball, 78D, EV 81.3 MPH)
Batting: SHB Blake Ellett 0-0: Ball
1-0: Called Strike
1-1: Foul Ball, location: 7LDF
1-2: Strikes out swinging
Batting: RHB Aarón Vega 0-0: SINGLE (Groundball, 34D, EV 100.0 MPH)
Batting: RHB Gabe Jita 0-0: Foul Ball, location: 5SF
0-1: Swinging Strike
0-2: Ball
1-2: Ball
2-2: Foul Ball, location: 2F
2-2: Ball
3-2: Fly out, F2 (Popup, 3SF, EV 76.3 MPH)
Top of the 2nd over - 0 runs, 1 hit, 0 errors, 1 left on base; Columbus 0 - Charlotte 1
BOTTOM OF THE 2ND
Charlotte Knights batting - Pitching for Columbus Clippers : LHP Spencer Cartwright
Batting: SHB Yerold De Los Santos 0-0: Called Strike
0-1: Fly out, F4 (Popup, 34S, EV 83.1 MPH)
Batting: RHB Rowan Wood 0-0: Ball
1-0: Ball
2-0: Called Strike
2-1: Foul Ball, location: 7LDF
2-2: Foul Ball, location: 3F
2-2: Foul Ball, location: 7LSF
2-2: Ball
3-2: Base on Balls
Batting: RHB Joe Arias 0-0: Ball
Rowan Wood steals 2nd base
1-0: Ground out 5-3 (Groundball, 56, EV 88.8 MPH)
Batting: LHB Daniel Kasse 0-0: Called Strike
0-1: Swinging Strike
0-2: Ground out 5-3 (Groundball, 56, EV 88.8 MPH)
Bottom of the 2nd over - 0 runs, 0 hits, 0 errors, 1 left on base; Columbus 0 - Charlotte 1
TOP OF THE 3RD
Columbus Clippers batting - Pitching for Charlotte Knights : LHP Christian Perino
Batting: RHB Ralph DeGeorge 0-0: Ball
1-0: Ball
2-0: Ball
3-0: Called Strike
3-1: Foul Ball, location: 9LMF
3-2: Base on Balls
Batting: RHB Miguel Aguirre 0-0: Called Strike
0-1: Ball
1-1: Ball
2-1: Called Strike
2-2: 2-RUN HOME RUN (Flyball, 7LD, EV 96.3 MPH), Distance : 368 ft
Batting: RHB Tommy Levy 0-0: Ball
1-0: Foul Ball, location: 5FF
1-1: Foul Ball, location: 2LF
1-2: Ground out 6-3 (Groundball, 6, EV 84.4 MPH)
Batting: RHB Artis Silas 0-0: Called Strike
0-1: Ball
1-1: Ball
2-1: Called Strike
2-2: Ball
3-2: SINGLE (Line Drive, 4M, EV 101.3 MPH)
Batting: LHB Thomas Pendleton 0-0: Swinging Strike
0-1: Ball
1-1: Ball
2-1: Called Strike
2-2: Foul Ball, location: 2F
2-2: Ball
3-2: Base on Balls
Artis Silas to second
Batting: RHB Logan Hernandez 0-0: Foul Ball, location: 5F
0-1: Fielders Choice at 2nd, 1-6 (Groundball, 34S, EV 70.0 MPH)
Artis Silas to third
Batting: SHB Blake Ellett 0-0: Ball
1-0: Ball
2-0: Ball
3-0: Called Strike
3-1: Foul Ball, location: 2F
3-2: Fly out, F3 (Line Drive, 34, EV 64.4 MPH)
Top of the 3rd over - 2 runs, 2 hits, 0 errors, 2 left on base; Columbus 2 - Charlotte 1
BOTTOM OF THE 3RD
Charlotte Knights batting - Pitching for Columbus Clippers : LHP Spencer Cartwright
Batting: RHB Alex Hill 0-0: Foul Ball, location: 2F
0-1: Swinging Strike
0-2: Ball
1-2: Strikes out looking
Batting: RHB B.J. Worth 0-0: Foul Ball, location: 2F
0-1: Foul Ball, location: 5DF
0-2: Foul Ball, location: 3F
0-2: Ball
1-2: Ball
2-2: Ball
3-2: Fly out, F4 (Popup, 13, EV 83.1 MPH)
Batting: SHB Dale Aras 0-0: Ball
1-0: Swinging Strike
1-1: Ground out 6-3 (Groundball, 6, EV 86.9 MPH)
Bottom of the 3rd over - 0 runs, 0 hits, 0 errors, 0 left on base; Columbus 2 - Charlotte 1
TOP OF THE 4TH
Columbus Clippers batting - Pitching for Charlotte Knights : LHP Christian Perino
Batting: RHB Aarón Vega 0-0: Ball
1-0: Called Strike
1-1: Called Strike
1-2: Strikes out swinging
Batting: RHB Gabe Jita 0-0: Ball
1-0: Ground out 6-3 (Groundball, 6, EV 101.9 MPH)
Batting: RHB Ralph DeGeorge 0-0: Called Strike
0-1: Swinging Strike
0-2: Ball
1-2: SOLO HOME RUN (Flyball, 7D, EV 99.4 MPH), Distance : 397 ft
Batting: RHB Miguel Aguirre 0-0: Ball
1-0: Ball
2-0: Called Strike
2-1: Swinging Strike
2-2: Fly out, F7 (Flyball, 7LS, EV 89.4 MPH)
Top of the 4th over - 1 run, 1 hit, 0 errors, 0 left on base; Columbus 3 - Charlotte 1
BOTTOM OF THE 4TH
Charlotte Knights batting - Pitching for Columbus Clippers : LHP Spencer Cartwright
Batting: LHB Elijah Wagner 0-0: Ball
1-0: Ball
2-0: Called Strike
2-1: Ball
3-1: Foul Ball, location: 7LMF
3-2: Ground out 4-3 (Groundball, 4, EV 88.1 MPH)
Batting: RHB Vaughan Babbs 0-0: Ball
1-0: SINGLE (Flyball, 56D, EV 86.9 MPH)
Batting: SHB Yerold De Los Santos 0-0: Called Strike
0-1: Called Strike
0-2: Foul Ball, location: 7LMFF
0-2: SINGLE (Groundball, 56, EV 100.6 MPH)
Vaughan Babbs to second
Batting: RHB Rowan Wood 0-0: Ball
1-0: Ball
2-0: Ball
3-0: Swinging Strike
3-1: Base on Balls
Vaughan Babbs to third
Yerold De Los Santos to second
Batting: RHB Joe Arias 0-0: Foul Ball, location: 2F
0-1: Ball
1-1: Foul Ball, location: 2F
1-2: Strikes out looking
Batting: LHB Daniel Kasse 0-0: Ball
1-0: Ball
2-0: SINGLE (Line Drive, 89S, EV 90.0 MPH)
Vaughan Babbs scores
Yerold De Los Santos to third
Rowan Wood to second
Runner from 3rd tries for Home, SAFE, throw by RF to home
Batting: RHB Alex Hill 0-0: Ball
1-0: Foul Ball, location: 9LDF
1-1: Swinging Strike
1-2: Ball
2-2: Strikes out swinging
Bottom of the 4th over - 2 runs, 3 hits, 0 errors, 2 left on base; Columbus 3 - Charlotte 3
TOP OF THE 5TH
Columbus Clippers batting - Pitching for Charlotte Knights : LHP Christian Perino
Batting: RHB Tommy Levy 0-0: Ball
1-0: Foul Ball, location: 25FF
1-1: Foul Ball, location: 9LSF
1-2: Ball
2-2: Ball
3-2: Base on Balls
Batting: RHB Artis Silas 0-0: Swinging Strike
0-1: Ball
1-1: Foul Ball, location: 2F
1-2: Fly out, F8 (Flyball, 8LD, EV 96.9 MPH)
Batting: LHB Thomas Pendleton 0-0: Ball
1-0: Foul Ball, location: 2F
1-1: Fielders Choice at 2nd, 4-6 (Groundball, 34, EV 85.6 MPH)
Pitching: LHP Grant Rigsby
Batting: RHB Logan Hernandez 0-0: Called Strike
0-1: Ball
1-1: Ball
2-1: Fielders Choice at 2nd, 6-4 (Groundball, 6, EV 86.3 MPH)
Top of the 5th over - 0 runs, 0 hits, 0 errors, 1 left on base; Columbus 3 - Charlotte 3
BOTTOM OF THE 5TH
Charlotte Knights batting - Pitching for Columbus Clippers : LHP Spencer Cartwright
Batting: RHB B.J. Worth 0-0: Called Strike
0-1: Ball
1-1: Ball
2-1: Fly out, F9 (Flyball, 89M, EV 95.6 MPH)
Batting: SHB Dale Aras 0-0: Called Strike
0-1: Called Strike
0-2: Ball
1-2: Ball
2-2: Strikes out swinging
Batting: LHB Elijah Wagner 0-0: Ball
1-0: Fly out, F8 (Flyball, 89M, EV 75.6 MPH)
Bottom of the 5th over - 0 runs, 0 hits, 0 errors, 0 left on base; Columbus 3 - Charlotte 3
TOP OF THE 6TH
Columbus Clippers batting - Pitching for Charlotte Knights : LHP Grant Rigsby
Batting: SHB Blake Ellett 0-0: Called Strike
0-1: Ball
1-1: Swinging Strike
1-2: Ball
2-2: Fly out, F8 (Flyball, 8LD, EV 106.3 MPH)
Batting: RHB Aarón Vega 0-0: Fly out, F9 (Flyball, 89S, EV 91.9 MPH)
Batting: RHB Gabe Jita 0-0: Called Strike
0-1: Foul Ball, location: 25FF
0-2: Ball
1-2: Ground out 5-3 (Groundball, 56S, EV 66.3 MPH)
Top of the 6th over - 0 runs, 0 hits, 0 errors, 0 left on base; Columbus 3 - Charlotte 3
BOTTOM OF THE 6TH
Charlotte Knights batting - Pitching for Columbus Clippers : LHP Spencer Cartwright
Batting: RHB Vaughan Babbs 0-0: Called Strike
0-1: Called Strike
0-2: Ball
1-2: Ball
2-2: Ball
3-2: Base on Balls
Batting: SHB Yerold De Los Santos 0-0: Bunted foul
0-1: Bunted foul
0-2: SINGLE (Flyball, 3D, EV 90.6 MPH)
Vaughan Babbs to second
Pitching: RHP Neville Raab
Pinch Hitting: LHB John Wallace 0-0: Swinging Strike
0-1: Grounds into double play, 6-4-3 (Groundball, 6, EV 107.5 MPH)
Vaughan Babbs to third
Batting: RHB Joe Arias 0-0: Called Strike
0-1: Foul Ball, location: 9LSF
0-2: Ground out 6-3 (Groundball, 56, EV 106.9 MPH)
Bottom of the 6th over - 0 runs, 1 hit, 0 errors, 1 left on base; Columbus 3 - Charlotte 3
TOP OF THE 7TH
Columbus Clippers batting - Pitching for Charlotte Knights : LHP Grant Rigsby
Now in LF: Kurtis Clayton
Now in RF: Elijah Wagner
Batting: RHB Ralph DeGeorge 0-0: Ball
1-0: Foul Ball, location: 2F
1-1: Foul Ball, location: 2F
1-2: Foul Ball, location: 9LDF
1-2: Fly out, F9 (Flyball, 9, EV 89.4 MPH)
Batting: RHB Miguel Aguirre 0-0: Fly out, F3 (Popup, 3SF, EV 77.5 MPH)
Batting: RHB Tommy Levy 0-0: Fly out, F9 (Flyball, 9, EV 93.8 MPH)
Top of the 7th over - 0 runs, 0 hits, 0 errors, 0 left on base; Columbus 3 - Charlotte 3
BOTTOM OF THE 7TH
Charlotte Knights batting - Pitching for Columbus Clippers : RHP Neville Raab
Batting: LHB Daniel Kasse 0-0: Called Strike
0-1: Ball
1-1: Foul Ball, location: 9LSF
1-2: Ball
2-2: Ball
3-2: Strikes out swinging
Batting: RHB Alex Hill 0-0: Swinging Strike
0-1: SINGLE (Line Drive, 6M, EV 106.3 MPH)
Batting: RHB B.J. Worth 0-0: Ball
1-0: Ground out 4-3 (Groundball, 4S, EV 62.5 MPH)
Alex Hill to second
Batting: SHB Dale Aras 0-0: Called Strike
0-1: SINGLE (Line Drive, 6D, EV 95.6 MPH)
Alex Hill to third
Runner from 3rd tries for Home, throw by CF and OUT! 8-2
Bottom of the 7th over - 0 runs, 2 hits, 0 errors, 1 left on base; Columbus 3 - Charlotte 3
TOP OF THE 8TH
Columbus Clippers batting - Pitching for Charlotte Knights : LHP Grant Rigsby
Batting: RHB Artis Silas 0-0: DOUBLE (Flyball, 89D, EV 88.1 MPH)
Pinch Hitting: RHB Estanislao Soto 0-0: Called Strike
0-1: Foul Ball, location: 3F
0-2: Ball
1-2: Foul Ball, location: 5F
1-2: Fly out, F9 (Line Drive, 9, EV 90.0 MPH)
Batting: RHB Logan Hernandez 0-0: SINGLE (Line Drive, 8RS, EV 93.1 MPH)
Artis Silas to third
Batting: SHB Blake Ellett 0-0: Ball
Logan Hernandez is caught stealing 2nd base 2-4
1-0: Foul Ball, location: 25FF
1-1: Foul Ball, location: 2F
1-2: Foul Ball, location: 2F
1-2: Ground out 3-1 (Groundball, 34S, EV 88.1 MPH)
Top of the 8th over - 0 runs, 2 hits, 0 errors, 1 left on base; Columbus 3 - Charlotte 3
BOTTOM OF THE 8TH
Charlotte Knights batting - Pitching for Columbus Clippers : RHP Neville Raab
Now at 2B: Frankie DiLorenzo
Batting: LHB Elijah Wagner 0-0: Fly out, F9 (Flyball, 89S, EV 92.5 MPH)
Batting: RHB Vaughan Babbs 0-0: Called Strike
0-1: Foul Ball, location: 9LMF
0-2: Strikes out swinging
Batting: SHB Yerold De Los Santos 0-0: SINGLE (Groundball, 4D, EV 105.0 MPH)
Pinch Hitting: LHB Randy Webber 0-0: Called Strike
0-1: SINGLE (Flyball, 4MD, EV 85.0 MPH)
Yerold De Los Santos to second
Runner from 2nd tries for 3rd, SAFE, throw by CF made to third
Batting: RHB Joe Arias 0-0: Called Strike
0-1: Ball
1-1: Foul Ball, location: 2F
1-2: Strikes out swinging
Bottom of the 8th over - 0 runs, 2 hits, 0 errors, 2 left on base; Columbus 3 - Charlotte 3
TOP OF THE 9TH
Columbus Clippers batting - Pitching for Charlotte Knights : LHP Grant Rigsby
Now in LF: Greyson Bolander
Batting: RHB Aarón Vega 0-0: Swinging Strike
0-1: Swinging Strike
0-2: Ground out 5-3 (Groundball, 25, EV 83.1 MPH)
Batting: RHB Gabe Jita 0-0: Foul Ball, location: 23F
0-1: Ball
1-1: Ball
2-1: Ball
3-1: Base on Balls
Batting: RHB Ralph DeGeorge 0-0: Called Strike
0-1: Swinging Strike
0-2: Fly out, F8 (Flyball, 8LD, EV 93.1 MPH)
Batting: RHB Miguel Aguirre 0-0: Called Strike
0-1: Foul Ball, location: 2F
0-2: Ball
1-2: Ball
2-2: Ball
3-2: Fly out, F8 (Flyball, 89M, EV 100.0 MPH)
Top of the 9th over - 0 runs, 0 hits, 0 errors, 1 left on base; Columbus 3 - Charlotte 3
BOTTOM OF THE 9TH
Charlotte Knights batting - Pitching for Columbus Clippers : RHP Neville Raab
Batting: LHB Daniel Kasse 0-0: Swinging Strike
0-1: Ball
1-1: Foul Ball, location: 7LMF
1-2: Ball
2-2: Ball
3-2: Base on Balls
Batting: RHB Alex Hill 0-0: Bunt missed!
0-1: Bunted foul
0-2: Ball
1-2: Ball
2-2: Ball
3-2: Base on Balls
Daniel Kasse to second
Batting: RHB B.J. Worth 0-0: Called Strike
0-1: Bunted foul
0-2: Foul Ball, location: 3F
0-2: Foul Ball, location: 9LMF
0-2: Ball
1-2: Ball
2-2: Foul Ball, location: 2F
2-2: Ground out 5-3 (Groundball, 5, EV 101.9 MPH)
Daniel Kasse to third
Alex Hill to second
Pitching: RHP Max Gilchrist
Batting: SHB Dale Aras 0-0: SINGLE (Groundball, 4MD, EV 97.5 MPH)
Daniel Kasse scores
Bottom of the 9th over - 1 run, 1 hit, 0 errors, 2 left on base; Columbus 3 - Charlotte 4
Wednesday, May 1st , 2024 - OOTP Baseball 24.11 Build 85